 Dungeon Crawl Stone Soup version 0.30.1-11-g7821555f0a (webtiles) character file.

Game seed: 16676564184451787724

573 SacredBeard the Grave Robber (level 7, -7/47 HPs)
             Began as a Demonspawn Necromancer on Nov 6, 2023.
             Mangled by an ice beast (11 damage)
             ... on level 4 of the Dungeon.
             The game lasted 00:10:44 (3502 turns).

SacredBeard the Grave Robber (DsNe)                 Turns: 3502, Time: 00:10:44

Health: -7/47      AC:  2    Str:  8    XL:     7   Next: 12%
Magic:  0/14       EV: 12    Int: 16    God:
Gold:   207        SH:  0    Dex: 16    Spells: 14/15 levels left

rFire   . . .        p - +1 dagger (venom)
rCold   . . .        (no shield)
rNeg    . . .        m - +0 robe {Will+}
rPois   .            (no helmet)
rElec   .            (no cloak)
rCorr   .            (no gloves)
SInv    .            (no boots)
Will    +....        i - amulet of guardian spirit
Stlth   ++           j - ring of flight
HPRegen 0.27/turn    (no ring)
MPRegen 0.28/turn

%: guardian spirit
@: mighty, on berserk cooldown, flying, slowed, very slow
A: magic regeneration, sturdy frame 2, demonic magic 1
a: no special abilities


You were on level 4 of the Dungeon.
You visited 1 branch of the dungeon, and saw 4 of its levels.
You also visited: Sewer.

You collected 207 gold pieces.

Inventory:

Hand Weapons
 p - a +1 dagger of venom (weapon)
Missiles
 a - 9 poisoned darts
 e - 48 stones
 k - 2 silver boomerangs
 y - a throwing net
Armour
 c - a +0 robe of cold resistance
 m - a +0 robe of willpower (worn)
Jewellery
 i - an amulet of guardian spirit (around neck)
 j - a ring of flight (left hand)
 t - an amulet of the acrobat
 D - a ring of resist corrosion
Scrolls
 d - a scroll of noise {unknown}
 g - 4 scrolls of identify {unknown}
 h - a scroll of amnesia {unknown}
 q - a scroll of butterflies {unknown}
 r - a scroll of blinking {unknown}
 s - a scroll of enchant armour {unknown}
 v - a scroll of brand weapon {unknown}
 w - a scroll of immolation {unknown}
 B - a scroll of teleportation {unknown}
 C - 2 scrolls of silence {unknown}
Potions
 b - a potion of magic
 f - a potion of ambrosia {unknown}
 l - a potion of attraction {unknown}
 n - 2 potions of might
 o - 3 potions of flight {unknown}
 x - a potion of brilliance {unknown}
 z - a potion of mutation {unknown}
 A - a potion of cancellation {unknown}


   Skills:
 - Level 0.7 Fighting
 - Level 2.0 Throwing
 - Level 0.7 Armour
 - Level 2.0 Dodging
 - Level 2.0 Stealth
 * Level 4.7 Spellcasting
 * Level 6.9 Necromancy


You had 14 spell levels left.
You knew the following spells:

 Your Spells              Type           Power      Damage    Failure   Level
a - Necrotise             Necr           100%       1d9       1%          1

Your spell library contained the following spells:

 Spells                   Type           Power      Damage    Failure   Level
 Sublimation of Blood     Necr           26%        N/A       1%          2
 Vampiric Draining        Necr           26%        2d7       2%          3
 Animate Dead             Necr           26%        N/A       9%          4
 Wereblood                Tmut           3%         N/A       24%         2
 Agony                    Necr           26%        N/A       26%         5
 Olgreb's Toxic Radiance  Pois           3%         N/A       83%         4
 Malign Gateway           Summ/Tloc      1%         N/A       100%        7
 Summon Hydra             Summ           1%         N/A       100%        7
 Discord                  Hex            1%         N/A       100%        8
 Ignition                 Fire           1%         3d3       100%        8
 Summon Horrible Things   Summ           1%         N/A       100%        8


Dungeon Overview and Level Annotations

Branches:
Dungeon (4/15) Zot: 20680   Sewer (visited)
 Temple: D:4-7

Altars:


Innate Abilities, Weirdness & Mutations

You regenerate magic rapidly.
Your movements are less encumbered by armour. (ER -4)
Spells you cast may paralyse adjacent enemies.


Message History

The phantom is almost destroyed.
The hobgoblin hits you but does no damage.
The phantom closely misses you.
You hit the phantom.
The phantom is almost destroyed.
Your hobgoblin skeleton crumbles into dust!
The hobgoblin barely misses you. The phantom hits you.
* * * LOW HITPOINT WARNING * * *
A red film seems to cover your vision as you go berserk!
You feel yourself moving faster!
You feel mighty!
The iguana hisses angrily.
The hobgoblin closely misses you. The phantom hits you.
* * * LOW HITPOINT WARNING * * *
The phantom blinks!
You blink.
You feel a strong urge to attack something.
The phantom hits you.
* * * LOW HITPOINT WARNING * * *
The phantom blinks!
You blink.
You puncture the phantom!
You destroy the phantom!
You have reached level 7!
Your demonic ancestry asserts itself...
You feel less encumbered by your armour.
You feel a strong urge to attack something.
Your quokka skeleton bites the hobgoblin.
You feel your anger nearly subside.
You are no longer berserk.
You are exhausted.
You feel yourself slow down.
Your quokka skeleton bites the hobgoblin.
Your quokka skeleton bites the ice beast but does no damage.
Your quokka skeleton bites the ice beast.
Your quokka skeleton crumbles into dust!
It was a potion of might.
You feel very mighty all of a sudden.
You puncture the hobgoblin!
You kill the hobgoblin!
The ice beast hits you.
* * * LOW HITPOINT WARNING * * *
The ice beast freezes you!
You die...

#.$...........#### #..........
#.....##.##..$...# ##........##
....##..#......## ##...........
#..#.............###............
#.................##..........♣.
##...♣.♣.....................P..
.....l................†........♣.
......♣.♣.♣.♣.♣Y♣.♣?♣.♣.........#
...............l@.............P#
........♣.......=.............P #
................)...........P
#.#....♣...8~~~~~~~~~8.......P
#.#......~~~~~~~~~~~....##..PP
#..#..♣...~~~~≈≈≈~~~~..#.......
.. #......~~~≈≈≈~≈~~~..#$#. ..
...♣...~~≈≈8≈8≈≈~~. ####.
....~~≈≈≈⌠≈≈≈~~ .....


You could see an ice beast and an iguana.

Vanquished Creatures
  Pargi (Sewer)
  A phantom (D:4)
  2 scorpions (D:4)
  3 iguanas (D:4)
  3 gnolls (D:3)
  6 adders
  2 worms (D:3)
  2 dart slugs
  An orc (D:3)
  2 ball pythons
  6 endoplasms
  A giant cockroach (D:1)
  4 goblins
  9 hobgoblins
  8 jackals
  2 kobolds (D:1)
  2 quokkas
  10 bats
  A frilled lizard (D:1)
66 creatures vanquished.

Vanquished Creatures (collateral kills)
  A scorpion (D:4)
  3 bats (Sewer)
  A hobgoblin (D:1)
  A frilled lizard (D:1)
6 creatures vanquished.

Grand Total: 72 creatures vanquished

Notes
Turn   | Place    | Note
-------+----------+-------------------------------------------
     0 | D:1      | SacredBeard the Demonspawn Necromancer began the quest for
                  | the Orb.
     0 | D:1      | Reached XP level 1. HP: 13/13 MP: 3/3
   209 | D:1      | Gained mutation: Your movements are slightly less
                  | encumbered by armour. (ER -2) [demonic ancestry]
   209 | D:1      | Reached XP level 2. HP: 19/19 MP: 3/5
   392 | D:1      | Found a faded altar of an unknown god.
   751 | D:1      | Gained mutation: Spells you cast may paralyse adjacent
                  | enemies. [demonic ancestry]
   751 | D:1      | Reached XP level 3. HP: 25/25 MP: 4/6
  2114 | D:3      | Found a glowing drain.
  2123 | Sewer    | Entered a sewer
  2129 | Sewer    | Reached skill level 1 in Throwing
  2130 | Sewer    | Reached XP level 4. HP: 31/31 MP: 0/7
  2135 | Sewer    | Reached skill level 5 in Necromancy
  2206 | Sewer    | Noticed Pargi
  2222 | Sewer    | Killed Pargi
  2223 | Sewer    | Reached XP level 5. HP: 31/36 MP: 3/9
  2974 | D:3      | Noticed a phantom
  3089 | D:4      | Reached skill level 6 in Necromancy
  3089 | D:4      | Gained mutation: You regenerate magic rapidly. [demonic
                  | ancestry]
  3089 | D:4      | Reached XP level 6. HP: 42/42 MP: 2/11
  3488 | D:4      | Noticed an ice beast
  3492 | D:4      | HP: 3/63 [phantom (2)]
  3494 | D:4      | Gained mutation: Your movements are less encumbered by
                  | armour. (ER -4) [demonic ancestry]
  3494 | D:4      | Reached XP level 7. HP: 4/47 MP: 2/14
  3502 | D:4      | Mangled by an ice beast

Illustrated notes

Levels and vault maps discovered:
D:1:      grunt_arrival_crossed_arrows, layout_loops_ring,
          shapermc_ecumenical_altar_hornbeckon, minmay_domino_2
D:2:      layout_rooms, nicolae_hexahallways, kennysheep_small_spiral,
          grunt_decor_mini_mirrors
D:3:      layout_loops_ring, cheibrodos_sewer_entry_sluice,
          roderic_serpentine_path
D:4:      layout_cave_pools, serial_park, serial_park_fountain,
          serial_park_tiny_1, serial_park_gazebo [serial_park_minivault_5x5_1],
          minmay_cupped

Skill      XL: |  1  2  3  4  5  6 |
---------------+-------------------+-----
Dodging        | 2 |  2.0
Stealth        | 2 |  2.0
Throwing       | 1 2 |  2.0
Necromancy     | 5 6 |  6.9
Spellcasting   | 3 4 |  4.7
Fighting       | |  0.7
Armour         | |  0.7

Action                     |  1- 3 |  4- 6 |  7- 9 || total
---------------------------+-------+-------+-------++-------
  Melee: Dagger            |    10 |    29 |     1 ||    40
         Punch             |       |     1 |       ||     1
   Cast: Necrotise         |    69 |    86 |       ||   155
    Use: Potion            |       |     1 |     1 ||     2
   Stab: Paralysed         |     2 |     6 |       ||     8
         Sleeping          |     1 |       |       ||     1
         Distracted        |       |     1 |       ||     1
 Armour: Robe              |     3 |     8 |       ||    11
  Dodge: Dodged            |    15 |    22 |       ||    37
